 Dungeon Crawl Stone Soup version 0.28-a0-1374-ga75cb3825e (webtiles) character file.

Game seed: 2059397645540075703

1910 Shayle the Sneak (level 8, 0/55 (56) HPs)
             Began as a Demonspawn Warper on Jan 1, 2022.
             Was an Initiate of Gozag.
             Slain by a vampire mosquito (6 damage)
             ... on level 9 of the Dungeon.
             The game lasted 00:25:30 (9655 turns).

Shayle the Sneak (Demonspawn Warper)                Turns: 9655, Time: 00:25:32

HP:   0/55 (56)     AC:  7    Str: 12    XL:     8   Next: 94%
MP:   16/16         EV: 11    Int: 17    God:    Gozag
Gold: 510           SH:  0    Dex: 12    Spells: 13/18 levels left

rFire   . . .      SeeInvis .   v - +1 war axe (flame)
rCold   . . .      Faith    .   (no shield)
rNeg    . . .      Spirit   .   b - +0 leather armour
rPois   .          Reflect  .   (helmet restricted)
rElec   .          Harm     .   r - +0 cloak
rCorr   .          Rampage  .   k - +1 pair of gloves
Will    .....                   e - +0 pair of boots
Stlth   +++.......              y - amulet of the acrobat
HPRegen 0.18/turn               h - +4 ring of slaying
MPRegen 0.15/turn               (no ring)

@: lightly drained
A: horns 2, foul stench 2, powered by death 1
a: Renounce Religion, Potion Petition, Call Merchant, Bribe Branch


You were on level 9 of the Dungeon.
You worshipped Gozag.
Gozag was pleased with you.
You visited 2 branches of the dungeon, and saw 10 of its levels.

You collected 663 gold pieces.
You paid 153 gold pieces to Gozag.

Inventory:

Hand Weapons
 a - a +0 hand axe
 q - a +2 dagger of protection
 v - a +1 war axe of flaming (weapon)
 B - a +2 hand crossbow of freezing
 C - a +1 short sword of freezing
Missiles
 l - 19 poisoned darts (quivered)
 o - 6 boomerangs
 w - a curare-tipped dart
Armour
 b - a +0 leather armour (worn)
 e - a +0 pair of boots (worn)
 j - a +0 buckler
 k - a +1 pair of gloves (worn)
 r - a +0 cloak (worn)
 s - a +0 ring mail
 A - an orb of energy
Jewellery
 h - a +4 ring of slaying (left hand)
 i - a ring of fire
 y - an amulet of the acrobat (around neck)
Scrolls
 c - 2 scrolls of enchant weapon
 n - a scroll of fog {unknown}
 u - a scroll of magic mapping
Potions
 d - a potion of lignification
 g - a potion of flight
 m - a potion of resistance {unknown}
 p - a potion of haste {unknown}
 t - a potion of ambrosia
 x - a potion of curing
 z - a potion of might {unknown}


   Skills:
 - Level 2.0 Fighting
 + Level 3.3 Axes
 - Level 0.8 Throwing
 - Level 0.8 Armour
 - Level 1.7 Dodging
 - Level 7.3 Stealth
 + Level 5.7 Spellcasting
 + Level 6.0 Translocations


You had 13 spell levels left.
You knew the following spells:

 Your Spells              Type           Power      Damage    Failure   Level
a - Blink                 Tloc           50%        N/A       2%          2
b - Teleport Other        Tloc           25%        N/A       4%          3

Your spell library contained the following spells:

 Spells                   Type           Power      Damage    Failure   Level
 Gell's Gravitas          Tloc           25%        N/A       4%          3
 Lesser Beckoning         Tloc           25%        N/A       4%          3
 Sting                    Tmut/Pois      16%        1d3       17%         1
 Poisonous Vapours        Pois/Air       8%         N/A       26%         2
 Manifold Assault         Tloc           25%        N/A       36%         5
 Olgreb's Toxic Radiance  Pois           4%         N/A       86%         4
 Iskenderun's Battlesphe  Conj           4%         2d6       99%         5
 Iron Shot                Conj/Erth      2%         9d2       100%        6
 Spellforged Servitor     Conj/Summ      2%         N/A       100%        7


Dungeon Overview and Level Annotations

Branches:
Dungeon (9/15)             Temple (1/1) D:7
   Lair: D:8-11         Orc: D:9-12

Altars:
Ashenzari
Cheibriados
Dithmenos
Elyvilon
Gozag
Hepliaklqana
Kikubaaqudgha
Makhleb
Nemelex Xobeh
Okawaru
Qazlal
Ru
Trog
Uskayaw
Wu Jian
Xom
Yredelemnul
Zin
The Shining One

Shops:
D:5 (

Annotations:
D:4 2 transporters, 1 runed translucent door, Crazy Yiuf
D:7 2 transporters
D:8 3 runed translucent doors


Innate Abilities, Weirdness & Mutations

You have a pair of horns on your head.
You sometimes emit foul miasma when damaged in melee.
You regenerate a little health from kills.


Message History

The vampire mosquito draws strength from your injuries!
Found 35 gold pieces, 18 stones, a leather armour, 18 arrows and a ring mail.
Found a stone staircase leading down.
There is a stone staircase leading up here.
You hit the vampire mosquito. You burn the vampire mosquito.
The vampire mosquito is moderately damaged.
The vampire mosquito is distracted by your dazzling golden aura.
The vampire mosquito closely misses you.
Unknown command.
You closely miss the vampire mosquito.
The vampire mosquito buzzes angrily.
You headbutt the vampire mosquito!
The vampire mosquito is moderately damaged.
The vampire mosquito is no longer distracted by gold.
The vampire mosquito bites you but does no damage.
The vampire mosquito misses you. The vampire mosquito bites you!
The vampire mosquito draws strength from your injuries!
Unknown command.
You closely miss the vampire mosquito.
The vampire mosquito is lightly damaged.
You closely miss the vampire mosquito.
The vampire mosquito closely misses you.
The vampire mosquito bites you.
* * * LOW HITPOINT WARNING * * *
The vampire mosquito draws strength from your injuries!
The vampire mosquito closely misses you.
An orc warrior comes into view. It is wielding a +0 glaive.
An orc comes into view. It is wielding a +0 club.
The vampire mosquito barely misses you. The vampire mosquito bites you!
* * * LOW HITPOINT WARNING * * *
The vampire mosquito draws strength from your injuries!
Okay, then.
You feel better.
The vampire mosquito closely misses you.
The vampire mosquito bites you!
* * * LOW HITPOINT WARNING * * *
The vampire mosquito draws strength from your injuries!
The vampire mosquito bites you.
You die...
Your body crumbles into a pile of gold.

...... #.(....
##.......
####........
#.#......$
##.......#
##.......##...
#..$..@y.....o
##.#...y(....#
........#...#
#........# .o[
##...#.#.# .
#......#..
##..>......
.##..#[....


You could see an orc warrior, 2 vampire mosquitoes and an orc.

Vanquished Creatures
  A komodo dragon (D:7)
  A sky beast (D:5)
  2 ogres
  3 centaurs
  2 kobold brigands
  3 scorpions
  4 killer bees (D:7)
  6 wights
  A centaur zombie (D:7)
  2 orc priests
  A hound (D:5)
  4 iguanas
  A killer bee zombie (D:3)
  A hound skeleton (D:4)
  8 adders
  3 worms
  A dart slug (D:5)
  14 orcs
  5 bats
  6 endoplasms
  3 giant cockroaches
  5 goblins
  9 hobgoblins
  A jackal (D:2)
  13 kobolds
  4 quokkas
  4 ball pythons
  8 frilled lizards
  11 rats
127 creatures vanquished.

Vanquished Creatures (others)
  2 fungi (D:4)
  9 plants (D:7)
11 creatures vanquished.

Grand Total: 138 creatures vanquished

Notes
Turn   | Place    | Note
-------+----------+-------------------------------------------
     0 | D:1      | Shayle the Demonspawn Warper began the quest for the Orb.
     0 | D:1      | Reached XP level 1. HP: 16/16 MP: 3/3
    52 | D:1      | Reached skill level 1 in Stealth
   364 | D:1      | Gained mutation: You have a pair of small horns on your
                  | head. [demonic ancestry]
   364 | D:1      | Reached XP level 2. HP: 22/22 MP: 5/5
   439 | D:1      | Reached skill level 2 in Stealth
  1017 | D:2      | Found a snail-covered altar of Cheibriados.
  1030 | D:2      | HP: 1/22 [adder (2)]
  1559 | D:2      | Gained mutation: You may rarely emit foul miasma when
                  | damaged in melee. [demonic ancestry]
  1559 | D:2      | Reached XP level 3. HP: 27/27 MP: 6/6
  1584 | D:2      | Reached skill level 3 in Stealth
  1730 | D:2      | HP: 1/27 [poisoned by an adder]
  2209 | D:2      | Gained mutation: You regenerate a little health from kills.
                  | [demonic ancestry]
  2209 | D:2      | Reached XP level 4. HP: 29/33 MP: 7/7
  2315 | D:2      | HP: 1/33 [poisoned by an adder]
  2889 | D:3      | Found a faded altar of an unknown god.
  3137 | D:3      | You fall into a shaft and drop 1 floor!
  3149 | D:4      | Found a transporter.
  3237 | D:4      | Reached skill level 4 in Stealth
  3382 | D:4      | Noticed an ogre
  3545 | D:3      | Found a basalt altar of Yredelemnul.
  3916 | D:3      | Learned a level 2 spell: Blink
  4174 | D:4      | Found a hazy altar of Hepliaklqana.
  4228 | D:4      | Gained mutation: You have a pair of horns on your head.
                  | [demonic ancestry]
  4228 | D:4      | Reached XP level 5. HP: 38/38 MP: 8/8
  4230 | D:4      | Found a transporter.
  4534 | D:4      | Found a runed translucent door.
  4535 | D:4      | Noticed Crazy Yiuf
  4609 | D:4      | Killed an ogre
  4610 | D:4      | Reached skill level 5 in Stealth
  4755 | D:4      | Reached skill level 6 in Stealth
  4755 | D:4      | Gained mutation: You sometimes emit foul miasma when
                  | damaged in melee. [demonic ancestry]
  4755 | D:4      | Reached XP level 6. HP: 30/44 MP: 9/9
  4909 | D:4      | Found an ornate altar of the Wu Jian Council.
  4946 | D:4      | Found a snail-covered altar of Cheibriados.
  4947 | D:4      | Found a sacrificial altar of Ru.
  5105 | D:4      | Found a stormy altar of Qazlal.
  5355 | D:5      | Entered Level 5 of the Dungeon
  5393 | D:5      | Noticed a sky beast
  5659 | D:5      | Killed a sky beast
  5828 | D:5      | Noticed a shadow
  6030 | D:6      | Reached skill level 7 in Stealth
  6218 | D:6      | Noticed an orc warrior
  6248 | D:5      | Reached XP level 7. HP: 38/50 MP: 10/10
  6325 | D:5      | Learned a level 3 spell: Teleport Other
  6429 | D:5      | Found Kokemivist's Weapon Boutique.
  6686 | D:5      | Found a broken altar of Ashenzari.
  7168 | D:7      | Found a staircase to the Ecumenical Temple.
  7377 | Temple   | Entered the Ecumenical Temple
  7418 | Temple   | Became a worshipper of Gozag Ym Sagoz the Greedy
  7463 | D:7      | Noticed a komodo dragon
  7595 | D:7      | Noticed a yak
  7617 | D:7      | Killed a komodo dragon
  7618 | D:7      | Reached XP level 8. HP: 34/56 MP: 12/14
  7870 | D:7      | Found a transporter.
  7873 | D:7      | Found a transporter.
  8215 | D:8      | Reached skill level 5 in Translocations
  8335 | D:8      | Found a runed translucent gate.
  8335 | D:8      | Found a runed translucent gate.
  8335 | D:8      | Found a runed translucent gate.
  8683 | D:7      | Reached skill level 5 in Spellcasting
  9655 | D:9      | Slain by a vampire mosquito

Illustrated notes

Levels and vault maps discovered:
D:1:      dpeg_arrival_lava_temple_mockup, layout_rooms
D:2:      minmay_spotlight, layout_loops_cross, basic_altar, minmay_vboxes
D:3:      layout_basic, zin_scriptorium, mainiacjoe_overflow_brackets,
          shapermc_ecumenical_altar_starsandcircs
D:4:      gammafunk_steamed_eel, layout_loops_ring,
          lemuel_coloured_pillars_altar, elyvilon_altar_3,
          amcnicky_altar_gilded, gammafunk_temple_overflow_pools,
          kennysheep_mini_moat, uniq_crazy_yiuf_cottage
D:5:      layout_basic, cheibrodos_ashenzari_chains, serial_shops, shop,
          minmay_circle_x
D:6:      layout_basic, tso_oasis_becter, bh_walls_and_bars
D:7:      layout_basic, minmay_temple_entry_overgrown, nzn_ghost_randoct,
          minmay_lizard_king
D:8:      layout_basic, gammafunk_ghost_icy
D:9:      minmay_flawed_box, layout_cave_pools,
          mainiacjoe_overflow_surrounded_room,
          mainiacjoe_overflow_cross_hatched, nicolae_overflow_hidden_temple,
          enter_bailey_2
Temple:   jpeg_temple_island

Skill      XL: |  1  2  3  4  5  6  7  8 |
---------------+-------------------------+-----
Stealth        | 1 2 3 4 6 7 |  7.3
Translocations | 4 6 |  6.0
Spellcasting   | 4 5 |  5.7
Axes           | 3 |  3.3
Fighting       | |  2.0
Throwing       | |  0.8
Armour         | |  0.8
Dodging        | |  1.7

Action                   |  1- 3 |  4- 6 |  7- 9 || total
-------------------------+-------+-------+-------++-------
Melee: Hand axe          |   102 |    51 |       ||   153
       Headbutt          |    14 |    13 |     9 ||    36
       War axe           |       |    68 |   116 ||   184
Throw: Boomerang         |     5 |       |       ||     5
       Dart              |       |    11 |       ||    11
 Cast: Blink             |       |     2 |       ||     2
  Use: Potion            |     2 |     1 |     2 ||     5
       Scroll            |     1 |     7 |     9 ||    17
 Stab: Sleeping          |     6 |     9 |     3 ||    18
Armor: Leather armour    |    35 |    61 |    28 ||   124
       Skin              |       |       |    41 ||    41
Dodge: Dodged            |    68 |    77 |    82 ||   227

Table legend: (Time is in decaauts)
 A = Elapsed time spent in this place.
 B = Non-inter-level travel time spent in this place.
 C = Inter-level travel time spent in this place.
 D = Time resting spent in this place.
 E = Time spent auto-exploring this place.
 F = Levels seen in this place.
 G = Mean time per level.
                   A        B        C        D        E       F      G
               +--------+--------+--------+--------+--------+-----+--------+
         Total |   9769 |   9583 |    186 |   3390 |   3779 |  10 |  976.9 |
       Dungeon |   9695 |   9509 |    186 |   3390 |   3755 |   9 | 1077.2 |
        Temple |     74 |     74 |      0 |      0 |     24 |   1 |   74.0 |
               +--------+--------+--------+--------+--------+-----+--------+

Top non-repeatable levels by time:
     D:7: 1627 daAuts
     D:4: 1536 daAuts
     D:2: 1442 daAuts
     D:1: 1244 daAuts
     D:3: 1199 daAuts
     D:5: 1181 daAuts
     D:8: 820 daAuts
     D:6: 634 daAuts
  Temple: 74 daAuts
     D:9: 8 daAuts
